IL
COLORADO SPRINGS SKY SOX @ RENO ACES
05/27/2047
 
TOP OF THE 1ST
Colorado Springs Sky Sox batting - Pitching for Reno Aces : RHP Chad Pfeiffer
Pitching: RHP Chad Pfeiffer
Batting: LHB Steve Gilliam 0-0: Fly out, F7 (Flyball, 78M, EV 83.8 MPH)
Batting: RHB Ryan Rinaldi 0-0: Ball
1-0: Called Strike
1-1: Called Strike
1-2: Single, Error in OF, E8, batter to second base (Groundball, 4MD, EV 108.8 MPH)
Batting: LHB Chris Salim 0-0: Ball
Wild Pitch!
Ryan Rinaldi to third
1-0: Ball
2-0: Foul Ball, location: 2F
2-1: Foul Ball, location: 2F
2-2: Strikes out swinging
Batting: LHB Zack Guillen 0-0: Swinging Strike
0-1: Swinging Strike
0-2: Ball
Wild Pitch!
Ryan Rinaldi scores
1-2: Foul Ball, location: 2F
1-2: Ball
2-2: Ball
3-2: DOUBLE (Groundball, 3L, EV 111.2 MPH)
Batting: SHB Andy Vivas 0-0: Called Strike
0-1: Called Strike
0-2: SINGLE (Flyball, 89S, EV 89.4 MPH)
Zack Guillen to third
Runner from 3rd tries for Home, SAFE, throw by RF to home
Batting: SHB Chris Besselman 0-0: Ball
1-0: Called Strike
1-1: Foul Ball, location: 2F
1-2: Strikes out swinging
Top of the 1st over - 2 runs, 3 hits, 1 error, 1 left on base; Colorado Springs 2 - Reno 0
BOTTOM OF THE 1ST
Reno Aces batting - Pitching for Colorado Springs Sky Sox : RHP Dave Spriggs
Pitching: RHP Dave Spriggs
Batting: RHB Ruben Garza 0-0: Called Strike
0-1: Called Strike
0-2: Ball
1-2: Foul Ball, location: 2F
1-2: Ground out 3-1 (Groundball, 34, EV 99.4 MPH)
Batting: LHB Kyle Beaulieu 0-0: Ground out 3-1 (Groundball, 34, EV 80.6 MPH)
Batting: LHB Bobby Arevalo 0-0: Ball
1-0: Swinging Strike
1-1: Ball
2-1: Called Strike
2-2: Strikes out swinging
Bottom of the 1st over - 0 runs, 0 hits, 0 errors, 0 left on base; Colorado Springs 2 - Reno 0
TOP OF THE 2ND
Colorado Springs Sky Sox batting - Pitching for Reno Aces : RHP Chad Pfeiffer
Batting: RHB Justin Williams 0-0: Ground out 5-3 (Groundball, 56, EV 98.8 MPH)
Batting: RHB Heitaro Tanaka 0-0: Ball
1-0: Swinging Strike
1-1: Ball
2-1: Called Strike
2-2: Foul Ball, location: 2F
2-2: Foul Ball, location: 2F
2-2: Foul Ball, location: 2F
2-2: Foul Ball, location: 2F
2-2: Ball
3-2: Base on Balls
Batting: RHB Devine Adams 0-0: Ball
1-0: Ball
2-0: Foul Ball, location: 2F
2-1: Single, Error in OF, E8, batter to second base (Groundball, 6MD, EV 108.1 MPH)
Heitaro Tanaka to third
Batting: LHB Steve Gilliam 0-0: DOUBLE (Flyball, 7LD, EV 105.0 MPH)
Heitaro Tanaka scores
Devine Adams scores
Batting: RHB Ryan Rinaldi 0-0: Ball
Steve Gilliam steals 3rd base (no throw)
1-0: Called Strike
1-1: Ball
Balk!
Steve Gilliam scores
2-1: Ball
3-1: Swinging Strike
3-2: Foul Ball, location: 2F
3-2: Base on Balls
Batting: LHB Chris Salim 0-0: Foul Ball, location: 2F
0-1: Ball
1-1: Ball
2-1: Ball
3-1: Called Strike
3-2: Base on Balls
Ryan Rinaldi to second
Pitching: RHP Chad Toms
Batting: LHB Zack Guillen 0-0: Called Strike
0-1: Ball
1-1: Called Strike
1-2: Strikes out swinging
Batting: SHB Andy Vivas 0-0: Ball
1-0: Ball
2-0: Ball
3-0: Base on Balls
Ryan Rinaldi to third
Chris Salim to second
Batting: SHB Chris Besselman 0-0: Ball
1-0: Ball
2-0: Foul Ball, location: 2F
2-1: Ball
3-1: Fielders Choice at 2nd, 6-4 (Groundball, 4M, EV 88.8 MPH)
Top of the 2nd over - 3 runs, 2 hits, 1 error, 3 left on base; Colorado Springs 5 - Reno 0
BOTTOM OF THE 2ND
Reno Aces batting - Pitching for Colorado Springs Sky Sox : RHP Dave Spriggs
Batting: LHB Ian Jarvis 0-0: Ball
1-0: SINGLE (Line Drive, 56D, EV 106.9 MPH)
Batting: SHB Johnny Diaz 0-0: Ball
1-0: Ball
2-0: Ball
3-0: Called Strike
3-1: Grounds out, U3 (Groundball, 3L, EV 98.1 MPH)
Batting: RHB Xavier Castellanos 0-0: Called Strike
0-1: Ball
1-1: Swinging Strike
1-2: Foul Ball, location: 2F
1-2: Ball
2-2: Ball
3-2: Foul Ball, location: 2F
3-2: Fly out, F7 (Flyball, 7, EV 80.6 MPH)
Batting: RHB Roberto Rodriguez 0-0: Called Strike
0-1: Ball
1-1: Foul Ball, location: 2F
1-2: Ground out 1-3 (Groundball, 13S, EV 69.4 MPH)
Bottom of the 2nd over - 0 runs, 1 hit, 0 errors, 1 left on base; Colorado Springs 5 - Reno 0
TOP OF THE 3RD
Colorado Springs Sky Sox batting - Pitching for Reno Aces : RHP Chad Toms
Batting: RHB Justin Williams 0-0: Ground out 6-3 (Groundball, 6, EV 100.6 MPH)
Batting: RHB Heitaro Tanaka 0-0: Foul Ball, location: 2F
0-1: Ball
1-1: Ground out 6-3 (Groundball, 6, EV 81.9 MPH)
Batting: RHB Devine Adams 0-0: Called Strike
0-1: Called Strike
0-2: SOLO HOME RUN (Flyball, 78XD, EV 100.6 MPH), Distance : 420 ft
Batting: LHB Steve Gilliam 0-0: Foul Ball, location: 2F
0-1: Ball
1-1: SINGLE (Line Drive, 9LS, EV 97.5 MPH)
Batting: RHB Ryan Rinaldi 0-0: Called Strike
0-1: Ball
1-1: Ball
Wild Pitch!
Steve Gilliam to second
2-1: Ball
3-1: Base on Balls
Batting: LHB Chris Salim 0-0: Called Strike
0-1: Ball
1-1: Swinging Strike
1-2: Foul Ball, location: 2F
1-2: Ball
2-2: Ball
Wild Pitch!
Steve Gilliam to third
Ryan Rinaldi to second
3-2: Base on Balls
Batting: LHB Zack Guillen 0-0: Swinging Strike
0-1: Ground out 4-3 (Groundball, 4, EV 105.6 MPH)
Top of the 3rd over - 1 run, 2 hits, 0 errors, 3 left on base; Colorado Springs 6 - Reno 0
BOTTOM OF THE 3RD
Reno Aces batting - Pitching for Colorado Springs Sky Sox : RHP Dave Spriggs
Batting: RHB Marlon Reda 0-0: Called Strike
0-1: Ball
1-1: Ground out 1-3 (Groundball, 13S, EV 68.8 MPH)
Batting: RHB Jose Sisneros 0-0: Foul Ball, location: 2F
0-1: Ball
1-1: Ball
2-1: Called Strike
2-2: Strikes out looking
Batting: RHB Ruben Garza 0-0: Fly out, F8 (Flyball, 89D, EV 103.8 MPH)
Bottom of the 3rd over - 0 runs, 0 hits, 0 errors, 0 left on base; Colorado Springs 6 - Reno 0
TOP OF THE 4TH
Colorado Springs Sky Sox batting - Pitching for Reno Aces : RHP Chad Toms
Batting: SHB Andy Vivas 0-0: Ball
1-0: Swinging Strike
1-1: Called Strike
1-2: Strikes out swinging
Batting: SHB Chris Besselman 0-0: Ball
1-0: Swinging Strike
1-1: Fly out, F9 (Flyball, 9, EV 88.1 MPH)
Batting: RHB Justin Williams 0-0: Fly out, F9 (Flyball, 89M, EV 92.5 MPH)
Top of the 4th over - 0 runs, 0 hits, 0 errors, 0 left on base; Colorado Springs 6 - Reno 0
BOTTOM OF THE 4TH
Reno Aces batting - Pitching for Colorado Springs Sky Sox : RHP Dave Spriggs
Batting: LHB Kyle Beaulieu 0-0: Called Strike
0-1: Foul Ball, location: 2F
0-2: Ball
1-2: Ground out 4-3 (Groundball, 4, EV 91.9 MPH)
Batting: LHB Bobby Arevalo 0-0: Called Strike
0-1: Foul Ball, location: 2F
0-2: Ball
1-2: Ball
2-2: Strikes out swinging
Batting: LHB Ian Jarvis 0-0: Ball
1-0: Ball
2-0: Called Strike
2-1: Ground out 1-3 (Groundball, 13, EV 61.9 MPH)
Bottom of the 4th over - 0 runs, 0 hits, 0 errors, 0 left on base; Colorado Springs 6 - Reno 0
TOP OF THE 5TH
Colorado Springs Sky Sox batting - Pitching for Reno Aces : RHP Chad Toms
Batting: RHB Heitaro Tanaka 0-0: Ball
1-0: Ball
2-0: Called Strike
2-1: Swinging Strike
2-2: Fly out, F3 (Line Drive, 34, EV 73.1 MPH)
Batting: RHB Devine Adams 0-0: Called Strike
0-1: Ball
1-1: Foul Ball, location: 2F
1-2: Foul Ball, location: 2F
1-2: Foul Ball, location: 2F
1-2: Ball
2-2: Foul Ball, location: 2F
2-2: Ground out 5-3 (Groundball, 56S, EV 82.5 MPH)
Batting: LHB Steve Gilliam 0-0: Called Strike
0-1: SINGLE (Groundball, 56D, EV 103.8 MPH)
Batting: RHB Ryan Rinaldi 0-0: Called Strike
0-1: Reached on error, E5 (Groundball, 56, EV 78.1 MPH)
Steve Gilliam to second
Batting: LHB Chris Salim 0-0: Called Strike
0-1: Foul Ball, location: 2F
0-2: Fly out, F7 (Line Drive, 78S, EV 93.8 MPH)
Top of the 5th over - 0 runs, 1 hit, 1 error, 2 left on base; Colorado Springs 6 - Reno 0
BOTTOM OF THE 5TH
Reno Aces batting - Pitching for Colorado Springs Sky Sox : RHP Dave Spriggs
Batting: SHB Johnny Diaz 0-0: Ball
1-0: Called Strike
1-1: Fly out, F8 (Flyball, 8RXD, EV 108.1 MPH)
Batting: RHB Xavier Castellanos 0-0: Called Strike
0-1: Ball
1-1: Foul Ball, location: 2F
1-2: SINGLE (Line Drive, 89M, EV 102.5 MPH)
Batting: RHB Roberto Rodriguez 0-0: Ball
1-0: Ball
2-0: Foul Ball, location: 2F
2-1: Foul Ball, location: 2F
2-2: Fly out, F8 (Flyball, 78M, EV 92.5 MPH)
Batting: RHB Marlon Reda 0-0: Called Strike
Xavier Castellanos steals 2nd base
0-1: Ball
1-1: Ball
2-1: Ball
3-1: Reached on error, E6 (Groundball, 6, EV 76.2 MPH)
Xavier Castellanos to third
Batting: RHB Jose Sisneros 0-0: Foul Ball, location: 2F
0-1: Ball
1-1: Foul Ball, location: 2F
1-2: Ball
2-2: SINGLE (Groundball, 5S, EV 64.4 MPH) (infield hit)
Xavier Castellanos scores
Marlon Reda to second
Batting: RHB Ruben Garza 0-0: Called Strike
0-1: Ground out 5-3 (Groundball, 56S, EV 83.1 MPH)
Bottom of the 5th over - 1 run, 2 hits, 1 error, 2 left on base; Colorado Springs 6 - Reno 1
TOP OF THE 6TH
Colorado Springs Sky Sox batting - Pitching for Reno Aces : RHP Chad Toms
Batting: LHB Zack Guillen 0-0: Called Strike
0-1: Ball
1-1: Ball
2-1: Ball
3-1: Swinging Strike
3-2: Base on Balls
Pitching: LHP David Legg
Batting: SHB Andy Vivas 0-0: Swinging Strike
0-1: Ball
1-1: Foul Ball, location: 2F
1-2: Foul Ball, location: 2F
1-2: Ball
2-2: Strikes out swinging
Batting: SHB Chris Besselman 0-0: Called Strike
0-1: Called Strike
0-2: Ball
1-2: Strikes out swinging
Batting: RHB Justin Williams 0-0: Called Strike
Zack Guillen is caught stealing 2nd base 2-4
Top of the 6th over - 0 runs, 0 hits, 0 errors, 0 left on base; Colorado Springs 6 - Reno 1
BOTTOM OF THE 6TH
Reno Aces batting - Pitching for Colorado Springs Sky Sox : RHP Dave Spriggs
Batting: LHB Kyle Beaulieu 0-0: Swinging Strike
0-1: Ball
1-1: Ball
2-1: Ball
3-1: Base on Balls
Pitching: RHP Gerardo Flores
Batting: LHB Bobby Arevalo 0-0: Foul Ball, location: 2F
0-1: Called Strike
0-2: Strikes out swinging
Batting: LHB Ian Jarvis 0-0: Called Strike
0-1: Foul Ball, location: 2F
0-2: Ball
1-2: Strikes out swinging
Batting: SHB Johnny Diaz 0-0: Ball
1-0: Ball
2-0: Foul Ball, location: 2F
2-1: Swinging Strike
2-2: Ball
3-2: Foul Ball, location: 2F
3-2: Base on Balls
Kyle Beaulieu to second
Batting: RHB Xavier Castellanos 0-0: Called Strike
0-1: Ball
1-1: SINGLE (Groundball, 4MD, EV 103.1 MPH)
Kyle Beaulieu to third
Johnny Diaz to second
Runner from 3rd tries for Home, SAFE, throw by CF to home
Batting: RHB Roberto Rodriguez 0-0: Foul Ball, location: 2F
0-1: Called Strike
0-2: Ball
1-2: Ball
2-2: Foul Ball, location: 2F
2-2: Ground out 4-3 (Groundball, 4M, EV 102.5 MPH)
Bottom of the 6th over - 1 run, 1 hit, 0 errors, 2 left on base; Colorado Springs 6 - Reno 2
TOP OF THE 7TH
Colorado Springs Sky Sox batting - Pitching for Reno Aces : LHP David Legg
Batting: RHB Justin Williams 0-0: Foul Ball, location: 2F
0-1: Foul Ball, location: 2F
0-2: Strikes out looking
Batting: RHB Heitaro Tanaka 0-0: Swinging Strike
0-1: Swinging Strike
0-2: Ball
1-2: Ball
2-2: Strikes out looking
Batting: RHB Devine Adams 0-0: Foul Ball, location: 2F
0-1: Swinging Strike
0-2: SOLO HOME RUN (Flyball, 78XD, EV 105.6 MPH), Distance : 418 ft
Batting: LHB Steve Gilliam 0-0: Ball
1-0: Swinging Strike
1-1: Called Strike
1-2: Ball
2-2: Ball
3-2: SINGLE (Line Drive, 56D, EV 94.4 MPH)
Batting: RHB Ryan Rinaldi 0-0: Ball
1-0: Foul Ball, location: 2F
1-1: Ball
2-1: Fly out, F4 (Line Drive, 4M, EV 64.4 MPH)
Top of the 7th over - 1 run, 2 hits, 0 errors, 1 left on base; Colorado Springs 7 - Reno 2
BOTTOM OF THE 7TH
Reno Aces batting - Pitching for Colorado Springs Sky Sox : RHP Gerardo Flores
Batting: RHB Marlon Reda 0-0: Ball
1-0: Fly out, F8 (Flyball, 8LM, EV 76.9 MPH)
Batting: RHB Jose Sisneros 0-0: Foul Ball, location: 2F
0-1: Swinging Strike
0-2: Ball
1-2: Fly out, F8 (Flyball, 78M, EV 79.4 MPH)
Batting: RHB Ruben Garza 0-0: Ball
1-0: SINGLE (Flyball, 9S, EV 86.2 MPH)
Batting: LHB Kyle Beaulieu 0-0: 2-RUN HOME RUN (Flyball, 9LD, EV 93.1 MPH), Distance : 349 ft
Batting: LHB Bobby Arevalo 0-0: Ball
1-0: Called Strike
1-1: Ball
2-1: Foul Ball, location: 2F
2-2: Ball
3-2: Ground out U3 (Groundball, 34, EV 107.5 MPH)
Bottom of the 7th over - 2 runs, 2 hits, 0 errors, 0 left on base; Colorado Springs 7 - Reno 4
TOP OF THE 8TH
Colorado Springs Sky Sox batting - Pitching for Reno Aces : LHP David Legg
Batting: LHB Chris Salim 0-0: Ball
1-0: Called Strike
1-1: Ball
2-1: Called Strike
2-2: Foul Ball, location: 2F
2-2: Ball
3-2: Fly out, F8 (Flyball, 8LM, EV 91.9 MPH)
Batting: LHB Zack Guillen 0-0: Foul Ball, location: 2F
0-1: Ball
1-1: Foul Ball, location: 2F
1-2: Ball
2-2: Strikes out swinging, 2-3 out at first.
Batting: SHB Andy Vivas 0-0: Ball
1-0: Called Strike
1-1: Ball
2-1: Foul Ball, location: 2F
2-2: Foul Ball, location: 2F
2-2: Ground out 1-3 (Groundball, 13, EV 67.5 MPH)
Top of the 8th over - 0 runs, 0 hits, 0 errors, 0 left on base; Colorado Springs 7 - Reno 4
BOTTOM OF THE 8TH
Reno Aces batting - Pitching for Colorado Springs Sky Sox : RHP Gerardo Flores
Pitching: RHP Victor Castillo
Now at SS: Andy Schuett
Batting: LHB Ian Jarvis 0-0: Ground out 6-3 (Groundball, 6MD, EV 106.2 MPH)
Batting: SHB Johnny Diaz 0-0: Called Strike
0-1: Ground out 4-3 (Groundball, 4, EV 85.0 MPH)
Batting: RHB Xavier Castellanos 0-0: Called Strike
0-1: Swinging Strike
0-2: Ball
1-2: Foul Ball, location: 2F
1-2: Ball
2-2: Ball
3-2: Foul Ball, location: 2F
3-2: Foul Ball, location: 2F
3-2: SINGLE (Groundball, 56S, EV 73.8 MPH) (infield hit)
Batting: RHB Roberto Rodriguez 0-0: Called Strike
0-1: Foul Ball, location: 2F
0-2: Foul Ball, location: 2F
0-2: Ball
1-2: Ball
2-2: Fielders Choice at 2nd, U6 (Groundball, 6M, EV 100.0 MPH)
Bottom of the 8th over - 0 runs, 1 hit, 0 errors, 1 left on base; Colorado Springs 7 - Reno 4
TOP OF THE 9TH
Colorado Springs Sky Sox batting - Pitching for Reno Aces : LHP David Legg
Pitching: RHP Mike Cain
Batting: SHB Chris Besselman 0-0: Foul Ball, location: 2F
0-1: Ball
1-1: Ball
2-1: Ground out U3 (Groundball, 3L, EV 100.6 MPH)
Batting: RHB Justin Williams 0-0: Ball
1-0: Foul Ball, location: 2F
1-1: Ball
2-1: Ball
3-1: Base on Balls
Batting: RHB Heitaro Tanaka 0-0: Called Strike
0-1: Ball
1-1: Called Strike
1-2: Ball
2-2: Strikes out swinging
Batting: RHB Devine Adams 0-0: Fly out, F7 (Flyball, 7S, EV 96.9 MPH)
Top of the 9th over - 0 runs, 0 hits, 0 errors, 1 left on base; Colorado Springs 7 - Reno 4
BOTTOM OF THE 9TH
Reno Aces batting - Pitching for Colorado Springs Sky Sox : RHP Victor Castillo
Pitching: RHP Trey Price
Batting: RHB Marlon Reda 0-0: Foul Ball, location: 2F
0-1: Ball
1-1: Fly out, F7 (Flyball, 7, EV 96.9 MPH)
Pinch Hitting: LHB Brad York 0-0: Swinging Strike
0-1: Ground out 4-3 (Groundball, 4D, EV 93.8 MPH)
Batting: RHB Ruben Garza 0-0: Ball
1-0: Ball
2-0: Ball
3-0: Base on Balls
Batting: LHB Kyle Beaulieu 0-0: Ball
1-0: Ball
2-0: Ball
3-0: Called Strike
3-1: Foul Ball, location: 2F
3-2: Foul Ball, location: 2F
3-2: Foul Ball, location: 2F
3-2: Base on Balls
Ruben Garza to second
Batting: LHB Bobby Arevalo 0-0: Called Strike
0-1: Ball
1-1: Ground out U3 (Groundball, 34, EV 80.0 MPH)
Bottom of the 9th over - 0 runs, 0 hits, 0 errors, 2 left on base; Colorado Springs 7 - Reno 4
Thursday, December 15th , 2022 - OOTP Baseball 23.9 Build 102